 Dungeon Sprint DCSS version 0.17-a0-2171-ga91b4ec (webtiles) character file.

4513 Kidiri the Covert (level 10, -7/51 HPs)
             Began as a Spriggan Enchanter on Oct 25, 2015.
             Was the Champion of Dithmenos.
             Mangled by a wolf spider (17 damage)
             ... in the Dungeon (Sprint VII: "The Pits").
             The game lasted 00:11:54 (1834 turns).

Kidiri the Covert (Spriggan Enchanter)              Turns: 1834, Time: 00:11:54

Health: -7/51      AC:  4    Str:  4    XL:     10   Next: 16%
Magic:  21/26      EV: 32    Int: 23    God:    Dithmenos [******]
Gold:   0          SH:  0    Dex: 20    Spells: 5 memorised, 20 levels left

rFire  . . .     SeeInvis +     s - +2 rapier (venom)
rCold  . . .     Clarity  .     c - +2 robe {rN+}
rNeg   + . .     SustAt   .     (shield restricted)
rPois  .         Gourm    .     (helmet restricted)
rElec  .         Spirit   .     (no cloak)
rCorr  .         Warding  .     (gloves unavailable)
rMut   .         NoTele   +     (boots unavailable)
MR     +....                    (no amulet)
Stlth  ++++++++++               q - +3 ring of intelligence
                                p - +3 ring of intelligence

@: lethally poisoned (-7 -> -26), wreathed by umbra, very quick, somewhat
resistant to hostile enchantments, uncannily stealthy
A: unfitting armour, see invisible, herbivore 3, speed 3, slow metabolism 2
a: Shadow Step, Shadow Form, Renounce Religion


You were in the Dungeon.
You worshipped Dithmenos.
Dithmenos was exalted by your worship.
You were not hungry.

You visited 1 branch

Inventory:

Hand Weapons
 s - a +2 rapier of venom (weapon)
Armour
 c - a +2 robe of positive energy (worn)
Jewellery
 p - a +3 ring of intelligence (left hand)
 q - a +3 ring of intelligence (right hand)
Scrolls
 j - a scroll of blinking
 m - 3 scrolls of remove curse
 n - 5 scrolls of amnesia
 o - a scroll of summoning
Potions
 a - 5 potions of curing
 f - 6 potions of heal wounds
 g - 2 potions of haste
 h - 3 potions of magic
 i - 6 potions of berserk rage
 l - 2 potions of invisibility
 r - a potion of brilliance
Comestibles
 d - 8 bread rations
 k - 40 fruits


   Skills:
 + Level 5.4 Fighting
 * Level 10.3 Short Blades
 + Level 4.9 Armour
 * Level 13.6 Dodging
 * Level 14.7 Stealth
 * Level 11.5 Spellcasting
 + Level 4.7 Conjurations
 + Level 8.8 Hexes
 + Level 5.4 Ice Magic
 - Level 3.3 Invocations


You had 20 spell levels left.
You knew the following spells:

 Your Spells              Type           Power        Failure   Level  Hunger
a - Corona                Hex            ######.      1%          1    None
b - Ensorcelled Hibernat  Hex/Ice        #####.       1%          2    None
c - Confuse               Hex            ######..     1%          3    None
d - Tukima's Dance        Hex            ######..     1%          3    None
e - Dazzling Spray        Conj/Hex       #####...     1%          3    None


Dungeon Overview and Level Annotations

Branches:
Dungeon (1/1)

Altars:
Ashenzari
Cheibriados
Dithmenos
Elyvilon
Fedhas
Gozag
Kikubaaqudgha
Makhleb
Nemelex Xobeh
Okawaru
Qazlal
Ru
Sif Muna
Trog
Vehumet
Xom
Yredelemnul
Zin
The Shining One
Beogh
Jiyva
Lugonu

Annotations:
D Grum


Innate Abilities, Weirdness & Mutations

You are tiny and cannot use many weapons and most armour.
You have supernaturally acute eyesight.
You are a herbivore.
You cover ground extremely quickly.
You need consume almost no food.


Message History

You perforate the black mamba like a sieve!!!!
You kill the black mamba!
Dithmenos accepts your kill. Grum misses you.
Casting: Ensorcelled Hibernation
Confirm with . or Enter, or press ? or * to list all spells.
Aiming: Ensorcelled Hibernation
Press: ? - help, Shift-Dir - straight line, f - wolf spider
Aim: a wolf spider (clinging, umbra, chance to defeat MR: 71%)
The wolf spider struggles to resist.
The wolf spider barely misses you. The wolf spider bites you!
* * * LOW HITPOINT WARNING * * *
You are lethally poisoned!
The wolf spider poisons you!
Unknown command.
You hit the wolf spider but do no damage.
The wolf spider is poisoned.
* * * LOW HITPOINT WARNING * * *
You feel sick. The wolf spider hits you!
You die...

+#####''###### ....##''#
######## #### ....##..#
##))....###...#
....##..###))#+#........
<...##..##.)##.## ....#
....##..##)##...## ..#
....##..####..§§§##.##
....##..[##...§§§#§..#.#.
######....'....§@sWo.'.'.t
######..)##...)§§#tg.#.#..
..[[##..####...§§##.## #
..[[##..# ##...## s.#
..))##..# ##.## ...#
..))##..# #+# .....
.:))##..# ##...# #########
####


You could see a snapping turtle, a wolf spider, a freezing wraith, Grum and an
orc.

Vanquished Creatures
  An orc high priest (D)
  An unseen horror (D)
  An orc sorcerer (D)
  An elephant (D)
  A black mamba (D)
  A giant leech (D)
  A ynoxinul (D)
  A deep elf fighter (D)
  5 wolves (D)
  A hungry ghost (D)
  A water moccasin (D)
  2 black bears (D)
  2 wasps (D)
  4 orc warriors (D)
  A phantom (D)
  A scorpion (D)
  An orc wizard (D)
  A gnoll shaman (D)
  A hell rat (D)
  A mummy (D)
  An adder (D)
  4 gnolls (D)
  A giant eyeball (D)
  3 oozes (D)
  An adder zombie (D)
  6 orcs (D)
  A goblin (D)
  A hobgoblin (D)
  2 quokkas (D)
  A kobold (D)
  A rat (D)
51 creatures vanquished.

Vanquished Creatures (collateral kills)
  A red devil (D)
1 creature vanquished.

Grand Total: 52 creatures vanquished

Notes
Turn   | Place    | Note
--------------------------------------------------------------
     0 | D        | Kidiri the Spriggan Enchanter began the quest for the Orb.
     0 | D        | Reached XP level 1. HP: 9/9 MP: 5/5
    11 | D        | Noticed a deep elf fighter
    28 | D        | Reached skill level 5 in Stealth
    67 | D        | Found a sacrificial altar of Ru.
    67 | D        | Found a basalt altar of Yredelemnul.
    67 | D        | Found a shadowy altar of Dithmenos.
    67 | D        | Found a deep blue altar of Sif Muna.
    67 | D        | Found a burning altar of Makhleb.
    67 | D        | Found a shimmering altar of Xom.
    67 | D        | Found an ancient bone altar of Kikubaaqudgha.
    67 | D        | Found a sparkling altar of Nemelex Xobeh.
    68 | D        | Found a glowing golden altar of the Shining One.
    68 | D        | Found a bloodstained altar of Trog.
    68 | D        | Found a shattered altar of Ashenzari.
    68 | D        | Found a white marble altar of Elyvilon.
    68 | D        | Found a snail-covered altar of Cheibriados.
    68 | D        | Found a blossoming altar of Fedhas.
    68 | D        | Found a radiant altar of Vehumet.
    68 | D        | Found a glowing silver altar of Zin.
    68 | D        | Found a corrupted altar of Lugonu.
    68 | D        | Found a viscous altar of Jiyva.
    68 | D        | Found a roughly hewn altar of Beogh.
    68 | D        | Found an iron altar of Okawaru.
    74 | D        | Found a stormy altar of Qazlal.
    75 | D        | Found an opulent altar of Gozag.
    82 | D        | Became a worshipper of Dithmenos the Shadowed
   123 | D        | Reached * piety under Dithmenos
   132 | D        | Reached XP level 2. HP: 4/14 MP: 4/7
   364 | D        | Learned a level 2 spell: Ensorcelled Hibernation
   378 | D        | Reached skill level 1 in Armour
   445 | D        | Reached ** piety under Dithmenos
   496 | D        | Reached skill level 1 in Fighting
   496 | D        | Reached skill level 5 in Dodging
   496 | D        | Reached skill level 6 in Stealth
   496 | D        | Reached skill level 1 in Invocations
   496 | D        | Reached XP level 3. HP: 18/18 MP: 0/9
   501 | D        | Learned a level 3 spell: Confuse
   505 | D        | Learned a level 3 spell: Dazzling Spray
   644 | D        | Noticed a phantom
   645 | D        | Noticed a scorpion
   646 | D        | Noticed a black bear
   647 | D        | Noticed a water moccasin
   738 | D        | Killed a black bear
   738 | D        | Reached skill level 7 in Stealth
   738 | D        | Reached skill level 5 in Spellcasting
   738 | D        | Reached skill level 1 in Conjurations
   738 | D        | Reached skill level 1 in Ice Magic
   738 | D        | Reached XP level 4. HP: 23/23 MP: 8/12
   759 | D        | Killed a water moccasin
   759 | D        | Reached *** piety under Dithmenos
   759 | D        | Reached skill level 8 in Stealth
   759 | D        | Reached skill level 5 in Hexes
   759 | D        | Reached XP level 5. HP: 13/26 MP: 1/14
   767 | D        | Killed a scorpion
   767 | D        | Reached skill level 5 in Short Blades
   767 | D        | Reached XP level 6. HP: 16/32 MP: 1/16
   852 | D        | Killed a phantom
   852 | D        | Reached skill level 9 in Stealth
   864 | D        | Learned a level 3 spell: Tukima's Dance
   928 | D        | Reached **** piety under Dithmenos
   947 | D        | Noticed a black bear
   949 | D        | Killed a black bear
   953 | D        | Noticed a gnoll shaman
   972 | D        | Killed a gnoll shaman
   972 | D        | Reached skill level 10 in Stealth
  1153 | D        | Noticed an elephant
  1165 | D        | Killed an elephant
  1165 | D        | Reached skill level 10 in Dodging
  1165 | D        | Reached skill level 11 in Stealth
  1165 | D        | Reached XP level 7. HP: 19/36 MP: 7/19
  1177 | D        | Reached ***** piety under Dithmenos
  1415 | D        | Noticed an orc sorcerer
  1417 | D        | Killed a deep elf fighter
  1418 | D        | Killed an orc sorcerer
  1418 | D        | Reached XP level 8. HP: 40/42 MP: 16/22
  1452 | D        | Noticed a giant leech
  1452 | D        | Noticed a ynoxinul
  1452 | D        | Noticed a wasp
  1452 | D        | Noticed a red devil
  1452 | D        | Noticed a hell rat
  1456 | D        | Killed a wasp
  1456 | D        | Reached skill level 12 in Stealth
  1457 | D        | Killed a giant leech
  1468 | D        | Killed a red devil
  1469 | D        | Killed a hell rat
  1481 | D        | Killed a ynoxinul
  1639 | D        | Noticed an unseen horror
  1639 | D        | Noticed an orc warrior
  1641 | D        | Noticed a hungry ghost
  1641 | D        | Noticed a wolf
  1641 | D        | Noticed a wolf
  1641 | D        | Noticed an orc high priest
  1641 | D        | Noticed an orc warrior
  1641 | D        | Noticed an orc warrior
  1642 | D        | Noticed a wolf
  1642 | D        | Killed an orc warrior
  1642 | D        | Reached XP level 9. HP: 46/46 MP: 23/23
  1643 | D        | Noticed a snapping turtle
  1643 | D        | Killed an orc warrior
  1643 | D        | Reached skill level 10 in Spellcasting
  1654 | D        | Killed an orc warrior
  1658 | D        | Killed a wolf
  1658 | D        | Reached skill level 13 in Stealth
  1659 | D        | Killed an orc high priest
  1659 | D        | Reached ****** piety under Dithmenos
  1660 | D        | Killed a wolf
  1660 | D        | Reached skill level 5 in Fighting
  1662 | D        | Killed a wolf
  1665 | D        | Noticed a wolf
  1807 | D        | Noticed a wolf
  1809 | D        | Noticed an orc warrior
  1810 | D        | Noticed an orc wizard
  1810 | D        | Noticed Grum
  1810 | D        | Noticed a wolf
  1812 | D        | Noticed a black mamba
  1812 | D        | Noticed a freezing wraith
  1813 | D        | Killed a hungry ghost
  1813 | D        | Reached skill level 5 in Ice Magic
  1814 | D        | Noticed a wolf spider
  1817 | D        | Killed a wolf
  1817 | D        | Reached skill level 14 in Stealth
  1818 | D        | Killed an orc warrior
  1819 | D        | Killed an orc wizard
  1820 | D        | Killed an unseen horror
  1820 | D        | Reached skill level 10 in Short Blades
  1820 | D        | Reached XP level 10. HP: 45/51 MP: 2/26
  1821 | D        | Noticed a wasp
  1822 | D        | Killed a wolf
  1830 | D        | Killed a wasp
  1832 | D        | Killed a black mamba
  1834 | D        | Mangled by a wolf spider

Vault maps used:
D:        pitsprint

Action                   |  1- 3 |  4- 6 |  7- 9 | 10-12 || total
-------------------------+-------+-------+-------+-------++-------
Melee: Dagger            |    52 |    78 |     8 |       ||   138
       Rapier            |       |       |    26 |     5 ||    31
 Cast: Corona            |     4 |     5 |     1 |       ||    10
       Ensorcelled Hiber |    11 |    11 |    13 |     4 ||    39
       Dazzling Spray    |       |     1 |    12 |       ||    13
       Confuse           |       |       |     2 |       ||     2
       Tukima's Dance    |       |       |     1 |       ||     1
Invok: Shadow Step       |       |     1 |     4 |       ||     5
  Use: Potion            |     1 |     3 |       |     2 ||     6
 Stab: Sleeping          |     4 |     7 |    13 |     3 ||    27
       Invisible         |       |       |     2 |       ||     2
       Confused          |       |       |     1 |       ||     1
